[Event "3rd Memorial Warakomska 2019"]
[Site "Suwalki"]
[Date "2019.08.10"]
[Round "7.3"]
[White "Nasuta, Grzegorz"]
[Black "Malakhatko, Vadim"]
[Result "0-1"]
[ECO "C42"]
[WhiteElo "2529"]
[BlackElo "2462"]
[Annotator "ChessBase"]
[PlyCount "65"]
[EventDate "2019.08.05"]
[EventType "swiss"]
[EventCountry "POL"]
[SourceTitle "playchess.com"]
[Source "ChessBase"]
[SourceQuality "1"]
[TimeControl "40/5400+30:1800+30"]

1. e4 e5 2. Nf3 Nf6 3. Nxe5 d6 4. Nf3 Nxe4 5. Nc3 Nf6 6. d4 Be7 7. Bd3 O-O 8. Be3 Nbd7 9. Qe2 a6 10. O-O-O b5 11. Ng5 Bb7 12. h4 Re8 13. Nce4 Bf8 14. Qf3 Bd5 15. Nxf6+ Nxf6 16. Bxh7+ Kh8 17. Qe2 Qd7 18. Qd3 Bxg2 19. Bf5 Qe7 20. Rhe1 Bd5 21. Bd2 Qd8 22. b3 g6 23. Bh3 Kg8 24. f4 Rxe1 25. Rxe1 c5 26. f5 c4 27. Qf1 gxf5 28. Qxf5 Bg7 29. Rg1 Qe7 30. Nh7 Nxh7 31. Qxd5 Re8 32. Bh6 c3 33. Qh5 0-1

[Event "3rd Memorial Warakomska 2019"]
[Site "Suwalki"]
[Date "2019.08.10"]
[Round "7.5"]
[White "Sadzikowski, Daniel"]
[Black "Hnydiuk, Aleksander"]
[Result "1/2-1/2"]
[ECO "B04"]
[WhiteElo "2503"]
[BlackElo "2412"]
[Annotator "ChessBase"]
[PlyCount "95"]
[EventDate "2019.08.05"]
[EventType "swiss"]
[EventCountry "POL"]
[SourceTitle "playchess.com"]
[Source "ChessBase"]
[SourceQuality "1"]
[TimeControl "40/5400+30:1800+30"]

1. e4 Nf6 2. e5 Nd5 3. d4 d6 4. Nf3 dxe5 5. Nxe5 c6 6. a3 Nd7 7. c4 N5b6 8. Nf3 Nf6 9. h3 Bf5 10. Be2 e6 11. O-O Be7 12. Bf4 O-O 13. Re1 c5 14. Bf1 Rc8 15. Nc3 Bg6 16. dxc5 Qxd1 17. Raxd1 Bxc5 18. b4 Be7 19. c5 Nbd7 20. Nb5 a6 21. Nd6 Bxd6 22. Rxd6 Nb8 23. Ne5 Rfd8 24. Nxg6 hxg6 25. Red1 Nd5 26. Bc4 Rxd6 27. Bxd6 Nc6 28. Bxd5 exd5 29. Rxd5 Rd8 30. Kf1 Na7 31. Ke2 Nb5 32. Rd3 f6 33. a4 Nxd6 34. cxd6 Kf7 35. Kf3 Rd7 36. Ke4 Ke6 37. Rg3 g5 38. Rd3 g6 39. f4 gxf4 40. Kxf4 Rxd6 41. Rxd6+ Kxd6 42. h4 Ke6 43. a5 Ke7 44. g4 Kf7 45. Ke4 Ke6 46. h5 Kf7 47. Kd5 Kg7 48. Ke6 1/2-1/2

[Event "3rd Memorial Warakomska 2019"]
[Site "Suwalki"]
[Date "2019.08.10"]
[Round "7.6"]
[White "Tihonov, Jurij"]
[Black "Zakhartsov, Vladimir"]
[Result "0-1"]
[ECO "D64"]
[WhiteElo "2393"]
[BlackElo "2493"]
[Annotator "ChessBase"]
[PlyCount "80"]
[EventDate "2019.08.05"]
[EventType "swiss"]
[EventCountry "POL"]
[SourceTitle "playchess.com"]
[Source "ChessBase"]
[SourceQuality "1"]
[TimeControl "40/5400+30:1800+30"]

1. Nf3 d5 2. d4 Nf6 3. c4 e6 4. Nc3 Be7 5. Bg5 Nbd7 6. e3 c6 7. Rc1 O-O 8. Qc2 h6 9. Bh4 a6 10. a3 Re8 11. Bd3 dxc4 12. Bxc4 b5 13. Ba2 Bb7 14. b4 a5 15. Qb2 Nd5 16. Bxe7 Qxe7 17. Bxd5 exd5 18. O-O Nb6 19. Nd2 Bc8 20. e4 Be6 21. e5 Reb8 22. Na2 Nc4 23. Nxc4 bxc4 24. Qc3 Bf5 25. Qe3 Qg5 26. f4 Qg6 27. Rf3 Bd3 28. Qf2 Qf5 29. bxa5 Rxa5 30. Nb4 Rxa3 31. Nxc6 Rb7 32. e6 fxe6 33. Ne5 Rab3 34. h3 Be4 35. Rg3 Rb2 36. Qf1 R7b3 37. Rxb3 cxb3 38. Rc8+ Kh7 39. Nd7 Rb1 40. Rc1 Bxg2 0-1

[Event "3rd Memorial Warakomska 2019"]
[Site "Suwalki"]
[Date "2019.08.10"]
[Round "7.8"]
[White "Goluch, Piotr"]
[Black "Jakubowski, Krzysztof"]
[Result "1/2-1/2"]
[ECO "E10"]
[WhiteElo "2386"]
[BlackElo "2528"]
[Annotator "ChessBase"]
[PlyCount "75"]
[EventDate "2019.08.05"]
[EventType "swiss"]
[EventCountry "POL"]
[SourceTitle "playchess.com"]
[Source "ChessBase"]
[SourceQuality "1"]
[TimeControl "40/5400+30:1800+30"]

1. d4 Nf6 2. c4 e6 3. Nf3 d5 4. g3 Bb4+ 5. Bd2 Be7 6. Bg2 O-O 7. O-O c6 8. Qc2 Nbd7 9. Bf4 h6 10. Rd1 a5 11. Ne5 Nxe5 12. dxe5 Nd7 13. cxd5 exd5 14. e4 dxe4 15. e6 fxe6 16. Qxe4 Rf6 17. Na3 Bxa3 18. bxa3 Qe8 19. Bc7 Rf8 20. Qe1 Nf6 21. Bxa5 Nd5 22. Bb4 Rf6 23. Bc3 Nxc3 24. Qxc3 Qf8 25. Rd3 e5 26. Qb2 Rd6 27. Re3 Rd8 28. Rae1 Kh8 29. Be4 Ra4 30. Qxe5 Rxa3 31. Rxa3 Qxa3 32. Bb1 Qf8 33. Qe4 Qg8 34. Bc2 Bd7 35. Bb3 Qf8 36. Bc2 Qg8 37. Bb3 Qf8 38. Bc2 1/2-1/2

[Event "3rd Memorial Warakomska 2019"]
[Site "Suwalki"]
[Date "2019.08.10"]
[Round "7.9"]
[White "Zakhartsov, Viacheslav V."]
[Black "Grib, Roman"]
[Result "1/2-1/2"]
[ECO "D96"]
[WhiteElo "2518"]
[BlackElo "2421"]
[Annotator "ChessBase"]
[PlyCount "126"]
[EventDate "2019.08.05"]
[EventType "swiss"]
[EventCountry "POL"]
[SourceTitle "playchess.com"]
[Source "ChessBase"]
[SourceQuality "1"]
[TimeControl "40/5400+30:1800+30"]

1. d4 Nf6 2. c4 c6 3. Nc3 d5 4. Nf3 g6 5. cxd5 cxd5 6. Qb3 Nc6 7. Bg5 Na5 8. Qa4+ Bd7 9. Qd1 Ne4 10. Nxe4 dxe4 11. Nd2 Qb6 12. Nxe4 Bg7 13. e3 h6 14. Bf4 Qxb2 15. Bd3 O-O 16. O-O Bc6 17. Nc5 e5 18. dxe5 Bxe5 19. Bxh6 Bxh2+ 20. Kxh2 Qh8 21. Qg4 Qxh6+ 22. Kg1 Rad8 23. Be2 Rd5 24. Qb4 Rg5 25. f3 Re5 26. Rf2 Qxe3 27. Nd3 Rd5 28. Re1 Qd4 29. Qxd4 Rxd4 30. Ne5 Re8 31. Nxc6 Nxc6 32. Rb1 Rb4 33. Rc1 Re3 34. Bc4 Ne5 35. Bd5 Nd3 36. Rc8+ Kg7 37. Rd2 Nf4 38. Bb3 Re7 39. Kf2 a5 40. Ra8 b6 41. g3 Ne6 42. Re2 Kf6 43. f4 g5 44. fxg5+ Nxg5 45. Rxe7 Kxe7 46. Ke3 f6 47. Bd5 Rg4 48. Kf2 Rd4 49. Bb3 Rb4 50. Ke3 Ne4 51. Rg8 Nc5 52. Bd5 Kd6 53. Rd8+ Ke5 54. Bg8 f5 55. Rd5+ Kf6 56. Rd6+ Kg7 57. Bd5 Ne4 58. Bxe4 Rxe4+ 59. Kf3 Rb4 60. a3 Rb3+ 61. Kf4 b5 62. Rd5 Kf6 63. Rxf5+ Kg6 1/2-1/2

[Event "3rd Memorial Warakomska 2019"]
[Site "Suwalki"]
[Date "2019.08.10"]
[Round "7.10"]
[White "Kaczmarek, Aleksander"]
[Black "Stupak, Kirill"]
[Result "0-1"]
[ECO "C00"]
[WhiteElo "2389"]
[BlackElo "2560"]
[Annotator "ChessBase"]
[PlyCount "100"]
[EventDate "2019.08.05"]
[EventType "swiss"]
[EventCountry "POL"]
[SourceTitle "playchess.com"]
[Source "ChessBase"]
[SourceQuality "1"]
[TimeControl "40/5400+30:1800+30"]

1. e4 e6 2. b3 c5 3. Bb2 b6 4. Nf3 Bb7 5. Nc3 d6 6. d4 cxd4 7. Nxd4 Nf6 8. Bd3 Nbd7 9. O-O a6 10. Qe2 g6 11. Bc4 e5 12. Nf3 b5 13. Bd3 Bg7 14. b4 O-O 15. a4 bxa4 16. Rxa4 d5 17. Ra5 Qb6 18. Ba3 Qc7 19. Nxd5 Bxd5 20. exd5 e4 21. Bxe4 Rfe8 22. d6 Qc8 23. Ng5 Nxe4 24. Nxe4 f5 25. f3 fxe4 26. fxe4 Qc6 27. Qf3 Qc4 28. Qd3 Rxe4 29. b5 Bc3 30. Rxa6 Rxa6 31. Qxc4+ Rxc4 32. bxa6 Ra4 33. Bc1 Bd4+ 34. Kh1 Be5 35. g3 Rxa6 36. Bf4 Bxf4 37. gxf4 Rxd6 38. f5 Rd2 39. fxg6 hxg6 40. c4 Rc2 41. Rg1 Kg7 42. Rd1 Ne5 43. Rf1 Nxc4 44. Kg1 Ne5 45. Rf4 Kh6 46. Rh4+ Kg5 47. Rh8 Nf3+ 48. Kh1 Kf4 49. Rh6 Ke3 50. Rxg6 Rxh2# 0-1

[Event "3rd Memorial Warakomska 2019"]
[Site "Suwalki"]
[Date "2019.08.10"]
[Round "7.11"]
[White "Karavade, Eesha"]
[Black "Czarnota, Pawel"]
[Result "0-1"]
[ECO "B40"]
[WhiteElo "2355"]
[BlackElo "2534"]
[Annotator "ChessBase"]
[PlyCount "28"]
[EventDate "2019.08.05"]
[EventType "swiss"]
[EventCountry "POL"]
[SourceTitle "playchess.com"]
[Source "ChessBase"]
[SourceQuality "1"]
[TimeControl "40/5400+30:1800+30"]

1. e4 c5 2. Nf3 e6 3. b3 d6 4. Bb5+ Nd7 5. Bb2 Ngf6 6. e5 dxe5 7. Nxe5 Be7 8. Nxd7 Bxd7 9. Qe2 O-O 10. Bxd7 Qxd7 11. Nc3 Rfd8 12. Rd1 Nd5 13. Nxd5 exd5 14. a4 Re8 0-1

[Event "3rd Memorial Warakomska 2019"]
[Site "Suwalki"]
[Date "2019.08.10"]
[Round "7.12"]
[White "Shyam, Sundar M."]
[Black "Kowalski, Igor"]
[Result "1-0"]
[ECO "B30"]
[WhiteElo "2520"]
[BlackElo "2320"]
[Annotator "ChessBase"]
[PlyCount "87"]
[EventDate "2019.08.05"]
[EventType "swiss"]
[EventCountry "POL"]
[SourceTitle "playchess.com"]
[Source "ChessBase"]
[SourceQuality "1"]
[TimeControl "40/5400+30:1800+30"]

1. e4 c5 2. Nf3 Nc6 3. Nc3 e5 4. Bc4 d6 5. d3 Be7 6. Nd2 Nf6 7. Nf1 Nd7 8. a3 Nb6 9. Ba2 O-O 10. Ne3 Kh8 11. O-O Nd4 12. Ncd5 Nxd5 13. Bxd5 Bg5 14. c3 Ne6 15. b4 cxb4 16. axb4 Nc7 17. Bb3 Be6 18. c4 a6 19. Bd2 Rc8 20. Re1 f5 21. exf5 Bxf5 22. Nxf5 Bxd2 23. Qxd2 Rxf5 24. d4 Ne6 25. dxe5 Nf4 26. Kh1 dxe5 27. Rad1 Qf6 28. c5 Rf8 29. f3 h5 30. Bc2 Rg5 31. g3 Ne6 32. Be4 h4 33. gxh4 Rh5 34. Rg1 Nd4 35. Rg3 Rxh4 36. Rdg1 Rf7 37. Rg6 Qe7 38. R1g3 Rhf4 39. Qg2 Nf5 40. Rh3+ Nh4 41. Rg4 Rxg4 42. Qxg4 g5 43. Qh5+ Kg7 44. Qh7+ 1-0

[Event "3rd Memorial Warakomska 2019"]
[Site "Suwalki"]
[Date "2019.08.10"]
[Round "7.13"]
[White "Warakomski, Tomasz"]
[Black "Molenda, Marcin"]
[Result "1-0"]
[ECO "A05"]
[WhiteElo "2497"]
[BlackElo "2387"]
[Annotator "ChessBase"]
[PlyCount "69"]
[EventDate "2019.08.05"]
[EventType "swiss"]
[EventCountry "POL"]
[SourceTitle "playchess.com"]
[Source "ChessBase"]
[SourceQuality "1"]
[TimeControl "40/5400+30:1800+30"]

1. Nf3 Nf6 2. g3 g6 3. Bg2 Bg7 4. O-O O-O 5. c4 d5 6. d4 Nc6 7. cxd5 Nxd5 8. e4 Nb6 9. d5 Na5 10. Nc3 c6 11. Nd4 e5 12. Nde2 cxd5 13. exd5 Nac4 14. b3 Nd6 15. a4 Bg4 16. f3 Bd7 17. Ba3 Nbc8 18. Ne4 f5 19. Nc5 Re8 20. Rc1 Kh8 21. Kh1 Rb8 22. Qd2 Nf7 23. f4 e4 24. Bb2 b6 25. Bxg7+ Kxg7 26. Qc3+ Kg8 27. Na6 Rb7 28. Nc7 Re7 29. Nd4 Nfd6 30. Nde6 Bxe6 31. Nxe6 Qe8 32. Qe5 Rf7 33. Rc6 Rbd7 34. Rfc1 h6 35. Bf1 1-0

[Event "3rd Memorial Warakomska 2019"]
[Site "Suwalki"]
[Date "2019.08.10"]
[Round "7.14"]
[White "Pavlov, Sergey"]
[Black "Lewtak, Damian"]
[Result "1/2-1/2"]
[ECO "A22"]
[WhiteElo "2486"]
[BlackElo "2354"]
[Annotator "ChessBase"]
[PlyCount "119"]
[EventDate "2019.08.05"]
[EventType "swiss"]
[EventCountry "POL"]
[SourceTitle "playchess.com"]
[Source "ChessBase"]
[SourceQuality "1"]
[TimeControl "40/5400+30:1800+30"]

1. c4 e5 2. Nc3 Nf6 3. e3 Bb4 4. Nge2 O-O 5. a3 Bxc3 6. Nxc3 d5 7. cxd5 Nxd5 8. Qc2 Nc6 9. b4 a6 10. Bb2 Re8 11. Bd3 h6 12. Nxd5 Qxd5 13. Bh7+ Kh8 14. Be4 Qd6 15. O-O f5 16. Bxc6 bxc6 17. Rac1 Bd7 18. f4 exf4 19. Rxf4 Re7 20. Bd4 Qd5 21. Qc5 Qxc5 22. Rxc5 Rb8 23. Ra5 Bc8 24. Rc5 Bd7 25. Be5 Rb7 26. a4 Kg8 27. Ra5 Ra7 28. Rc4 Kf7 29. Bd4 Ra8 30. Rcc5 Ree8 31. Kf2 Reb8 32. Bc3 g6 33. Rc4 Rb6 34. Be5 Rb7 35. h3 g5 36. Bc3 Rb6 37. Bd4 Rbb8 38. Bc3 Rb6 39. Re5 Re8 40. Rxe8 Bxe8 41. Be5 Rb7 42. Rd4 h5 43. h4 gxh4 44. Rxh4 Ke6 45. Bc3 Rb8 46. e4 fxe4 47. Rxe4+ Kd6 48. Rd4+ Ke6 49. Rf4 Bd7 50. Rf6+ Ke7 51. Rh6 Rf8+ 52. Kg3 Rf5 53. Rh7+ Kd8 54. Bd4 Be8 55. Be3 Kc8 56. Bf4 Bd7 57. d4 a5 58. bxa5 Rxa5 59. Be5 c5 60. dxc5 1/2-1/2

[Event "3rd Memorial Warakomska 2019"]
[Site "Suwalki"]
[Date "2019.08.10"]
[Round "7.15"]
[White "Janik, Igor"]
[Black "Licznerski, Lukasz"]
[Result "1-0"]
[ECO "B12"]
[WhiteElo "2495"]
[BlackElo "2328"]
[Annotator "ChessBase"]
[PlyCount "113"]
[EventDate "2019.08.05"]
[EventType "swiss"]
[EventCountry "POL"]
[SourceTitle "playchess.com"]
[Source "ChessBase"]
[SourceQuality "1"]
[TimeControl "40/5400+30:1800+30"]

1. e4 c6 2. d4 d5 3. e5 Bf5 4. Nf3 e6 5. Be2 Ne7 6. O-O Bg6 7. c3 Nd7 8. Nbd2 c5 9. dxc5 Nxc5 10. Nd4 Nc6 11. Bb5 Rc8 12. f4 a6 13. Bxc6+ bxc6 14. g4 Bd3 15. Rf3 h5 16. Rh3 Be4 17. Qe2 g5 18. b4 Nd3 19. Nxe4 dxe4 20. Qxe4 Nxc1 21. Rxc1 Qd5 22. Qxd5 cxd5 23. fxg5 Rg8 24. Rxh5 Bxb4 25. Kf1 Rxc3 26. Rxc3 Bxc3 27. Nf3 Bb2 28. Rh7 Bc1 29. h4 Bf4 30. Ke2 Ke7 31. Kd3 Ke8 32. Kc3 Ke7 33. Kd4 Kf8 34. Ne1 Bh2 35. Nd3 Bg1+ 36. Kc3 Ke7 37. Kd2 Ke8 38. Ke2 Bd4 39. Kf3 Bc3 40. Ke3 Ke7 41. a4 Kf8 42. Rh6 Ke7 43. Rf6 Rh8 44. h5 Rg8 45. g6 fxg6 46. Nf4 gxh5 47. Rxe6+ Kf7 48. Rf6+ Ke8 49. Nxd5 Bxe5 50. Re6+ Kd7 51. Rxe5 hxg4 52. Nf6+ Kd6 53. Ra5 Rh8 54. Nxg4 Kc7 55. Kd3 Kb6 56. Rg5 Rc8 57. Ne3 1-0

[Event "3rd Memorial Warakomska 2019"]
[Site "Suwalki"]
[Date "2019.08.10"]
[Round "7.17"]
[White "Sharankov, Grigory"]
[Black "Barski, Radoslaw"]
[Result "1-0"]
[ECO "E91"]
[WhiteElo "2221"]
[BlackElo "2468"]
[Annotator "ChessBase"]
[PlyCount "85"]
[EventDate "2019.08.05"]
[EventType "swiss"]
[EventCountry "POL"]
[SourceTitle "playchess.com"]
[Source "ChessBase"]
[SourceQuality "1"]
[TimeControl "40/5400+30:1800+30"]

1. d4 Nf6 2. c4 g6 3. Nc3 Bg7 4. e4 d6 5. Nf3 O-O 6. Be2 Nbd7 7. O-O e5 8. Qc2 c6 9. Rd1 Qe7 10. Rb1 a5 11. dxe5 dxe5 12. Na4 Nc5 13. Nxc5 Qxc5 14. h3 Qe7 15. c5 h6 16. Be3 Be6 17. b3 Ne8 18. Bc4 Nc7 19. Rd6 Rfd8 20. Qd2 g5 21. Rd1 Rdb8 22. Nh2 Ne8 23. Rd3 a4 24. Bxe6 Qxe6 25. b4 a3 26. Nf1 Qc4 27. Ng3 Nc7 28. Rc1 Qa6 29. Nf5 Ne6 30. h4 Rd8 31. Rd6 Bf8 32. hxg5 Bxd6 33. Nxh6+ Kf8 34. cxd6 c5 35. Qd5 Qxd6 36. Bxc5 Qxc5 37. bxc5 Rxd5 38. exd5 Nf4 39. Rb1 Ra7 40. Nf5 Ne2+ 41. Kh2 Nc3 42. Rb3 Nxa2 43. c6 1-0

[Event "3rd Memorial Warakomska 2019"]
[Site "Suwalki"]
[Date "2019.08.10"]
[Round "7.20"]
[White "Kosakowski, Jakub"]
[Black "Suliborski, Jakub"]
[Result "1-0"]
[ECO "C00"]
[WhiteElo "2394"]
[BlackElo "2131"]
[Annotator "NA"]
[PlyCount "85"]
[EventDate "2019.08.05"]
[EventType "swiss"]
[EventCountry "POL"]
[SourceTitle "playchess.com"]
[Source "ChessBase"]
[SourceQuality "1"]
[TimeControl "40/5400+30:1800+30"]

1. e4 e6 2. d4 d5 3. Bd3 dxe4 4. Bxe4 Nf6 5. Bf3 c5 6. Ne2 Nc6 7. Be3 cxd4 8. Nxd4 Nb4 9. O-O Nbd5 10. Bg5 Be7 11. c4 Nb6 12. Nc3 O-O 13. b3 Nfd5 14. Bxe7 Nxe7 15. Ndb5 Qxd1 16. Rfxd1 a6 17. Nd6 Nc6 18. c5 Nd5 19. Nxd5 exd5 20. Bxd5 Rb8 21. Bxc6 bxc6 22. Rd4 Be6 23. Re1 a5 24. Ra4 Ra8 25. Nb7 Rfb8 26. Rxa5 Rxa5 27. Nxa5 Bd5 28. b4 Kf8 29. a3 Ra8 30. f3 Ra7 31. Kf2 h5 32. h4 f6 33. Ke3 Kf7 34. Kd4 g5 35. hxg5 fxg5 36. Re3 Rd7 37. Nc4 Bxc4+ 38. Kxc4 Rd2 39. a4 Rxg2 40. b5 Ra2 41. bxc6 Rxa4+ 42. Kb5 Ra8 43. c7 1-0

[Event "3rd Memorial Warakomska 2019"]
[Site "Suwalki"]
[Date "2019.08.10"]
[Round "7.21"]
[White "Shpanko, Nadiia"]
[Black "Skawinski, Arkadiusz"]
[Result "1/2-1/2"]
[ECO "A14"]
[WhiteElo "2132"]
[BlackElo "2398"]
[Annotator "NA"]
[PlyCount "34"]
[EventDate "2019.08.05"]
[EventType "swiss"]
[EventCountry "POL"]
[SourceTitle "playchess.com"]
[Source "ChessBase"]
[SourceQuality "1"]
[TimeControl "40/5400+30:1800+30"]

1. c4 e6 2. g3 d5 3. Bg2 Nf6 4. Nf3 Be7 5. O-O O-O 6. d4 dxc4 7. Ne5 Nc6 8. Bxc6 bxc6 9. Nxc6 Qe8 10. Nxe7+ Qxe7 11. Qa4 e5 12. dxe5 Qxe5 13. Qxc4 Be6 14. Qc2 Rfe8 15. Re1 Bf5 16. Qc4 Be6 17. Qc2 Bf5 1/2-1/2

[Event "3rd Memorial Warakomska 2019"]
[Site "Suwalki"]
[Date "2019.08.10"]
[Round "7.22"]
[White "Kumala, Aleksander"]
[Black "Punin, Andrii"]
[Result "0-1"]
[ECO "B01"]
[WhiteElo "2184"]
[BlackElo "2305"]
[Annotator "NA"]
[PlyCount "60"]
[EventDate "2019.08.05"]
[EventType "swiss"]
[EventCountry "POL"]
[SourceTitle "playchess.com"]
[Source "ChessBase"]
[SourceQuality "1"]
[TimeControl "40/5400+30:1800+30"]

1. e4 d5 2. exd5 Qxd5 3. Nc3 Qd6 4. Nf3 Nf6 5. d4 c6 6. Bc4 Bg4 7. d5 b5 8. Bb3 b4 9. Na4 cxd5 10. Be3 Nbd7 11. h3 Bxf3 12. Qxf3 e6 13. g4 Be7 14. g5 Ne4 15. h4 O-O 16. Qg2 Ndc5 17. h5 Nxa4 18. Bxa4 Qe5 19. f4 Qxb2 20. O-O Bc5 21. Bxc5 Nxc5 22. Bb5 Rab8 23. Be2 Rbc8 24. Rab1 Qxc2 25. Rxb4 Qxa2 26. f5 Qd2 27. Rh4 Ne4 28. f6 Rc1 29. fxg7 Rxf1+ 30. Qxf1 Qe3+ 0-1

[Event "3rd Memorial Warakomska 2019"]
[Site "Suwalki"]
[Date "2019.08.10"]
[Round "7.23"]
[White "Zylka, Stanislaw"]
[Black "Sernecki, Franciszek"]
[Result "1-0"]
[ECO "A13"]
[WhiteElo "2308"]
[BlackElo "2275"]
[Annotator "NA"]
[PlyCount "79"]
[EventDate "2019.08.05"]
[EventType "swiss"]
[EventCountry "POL"]
[SourceTitle "playchess.com"]
[Source "ChessBase"]
[SourceQuality "1"]
[TimeControl "40/5400+30:1800+30"]

1. c4 e6 2. g3 Nf6 3. Bg2 d5 4. Nf3 dxc4 5. Qa4+ Bd7 6. Qxc4 c5 7. Ne5 Qc8 8. O-O Bd6 9. Nxd7 Nbxd7 10. Nc3 O-O 11. d3 a6 12. a4 Ne5 13. Qb3 Nc6 14. Bg5 Nd7 15. a5 Qc7 16. Qa4 Rfc8 17. Rfc1 b5 18. axb6 Nxb6 19. Qh4 h6 20. Be3 Qe7 21. Qh5 Ra7 22. Ne4 Nd4 23. b4 g6 24. Qxh6 Nf5 25. bxc5 Nxh6 26. cxb6 Rxc1+ 27. Rxc1 Rd7 28. Bg5 f6 29. Nxf6+ Kf7 30. Rc8 Be5 31. Nxd7 Qxd7 32. b7 Ng4 33. h3 Nxf2 34. Kxf2 Qd4+ 35. Be3 Qb2 36. Bf3 a5 37. Bf4 Bd4+ 38. Kg2 Ba7 39. Ra8 Qd4 40. Rxa7 1-0

[Event "3rd Memorial Warakomska 2019"]
[Site "Suwalki"]
[Date "2019.08.10"]
[Round "7.24"]
[White "Kulon, Klaudia"]
[Black "Szadkowski, Kamil"]
[Result "1/2-1/2"]
[ECO "A36"]
[WhiteElo "2331"]
[BlackElo "2245"]
[Annotator "NA"]
[PlyCount "28"]
[EventDate "2019.08.05"]
[EventType "swiss"]
[EventCountry "POL"]
[SourceTitle "playchess.com"]
[Source "ChessBase"]
[SourceQuality "1"]
[TimeControl "40/5400+30:1800+30"]

1. c4 c5 2. g3 g6 3. Bg2 Bg7 4. Nc3 Nc6 5. e3 e6 6. Nge2 Nge7 7. d4 cxd4 8. exd4 d5 9. cxd5 Nxd5 10. Nxd5 exd5 11. Be3 O-O 12. Nc3 Be6 13. Qd2 Qd7 14. O-O Bh3 1/2-1/2

[Event "3rd Memorial Warakomska 2019"]
[Site "Suwalki"]
[Date "2019.08.10"]
[Round "7.25"]
[White "Ashwath, R.."]
[Black "Kiolbasa, Oliwia"]
[Result "1/2-1/2"]
[ECO "D25"]
[WhiteElo "2365"]
[BlackElo "2239"]
[Annotator "NA"]
[PlyCount "80"]
[EventDate "2019.08.05"]
[EventType "swiss"]
[EventCountry "POL"]
[SourceTitle "playchess.com"]
[Source "ChessBase"]
[SourceQuality "1"]
[TimeControl "40/5400+30:1800+30"]

1. d4 d5 2. c4 dxc4 3. Nf3 Nf6 4. e3 Bg4 5. Bxc4 e6 6. Nc3 a6 7. h3 Bh5 8. g4 Bg6 9. Ne5 Nbd7 10. Nxg6 hxg6 11. Bf1 c6 12. Bg2 Qc7 13. Bd2 Nb6 14. Qb3 O-O-O 15. Ne2 Nbd7 16. Rc1 Qb6 17. Qa4 Qb5 18. Qc2 Nd5 19. a3 f5 20. a4 Qb6 21. Bxd5 exd5 22. Nf4 Nf6 23. Nxg6 Rg8 24. Qxf5+ Kb8 25. f3 Bb4 26. Qc2 Rge8 27. O-O Bxd2 28. Qxd2 Qb3 29. Ne5 Qxa4 30. Rc5 Nd7 31. Nxd7+ Rxd7 32. Qc3 Re6 33. Ra5 Qc4 34. Qxc4 dxc4 35. Kf2 Rd5 36. Ra2 c5 37. dxc5 Rd2+ 38. Kg3 Rxe3 39. Ra4 c3 40. bxc3 Rxc3 1/2-1/2

[Event "3rd Memorial Warakomska 2019"]
[Site "Suwalki"]
[Date "2019.08.10"]
[Round "7.26"]
[White "Gurbanov, Andrei"]
[Black "Sanz Wawer, Daniel"]
[Result "1/2-1/2"]
[ECO "A45"]
[WhiteElo "2305"]
[BlackElo "2154"]
[Annotator "NA"]
[PlyCount "53"]
[EventDate "2019.08.05"]
[EventType "swiss"]
[EventCountry "POL"]
[SourceTitle "playchess.com"]
[Source "ChessBase"]
[SourceQuality "1"]
[TimeControl "40/5400+30:1800+30"]

1. d4 Nf6 2. g3 e6 3. Bg2 c5 4. Nf3 Nc6 5. O-O Be7 6. dxc5 Bxc5 7. c4 d5 8. cxd5 Nxd5 9. a3 O-O 10. b4 Be7 11. e4 Nb6 12. Qe2 e5 13. Rd1 Qc7 14. Nc3 Nd4 15. Nxd4 Qxc3 16. Bb2 Qc4 17. Rac1 Qxe2 18. Nxe2 f6 19. Nc3 Bg4 20. f3 Bd7 21. Bf1 Rac8 22. Nb5 a6 23. Nd6 Rxc1 24. Bxc1 Ba4 25. Rd3 Bxd6 26. Rxd6 Rc8 27. Bb2 1/2-1/2

[Event "3rd Memorial Warakomska 2019"]
[Site "Suwalki"]
[Date "2019.08.10"]
[Round "7.27"]
[White "Jaroch, Karol"]
[Black "Koziol, Kamil"]
[Result "0-1"]
[ECO "A20"]
[WhiteElo "2221"]
[BlackElo "2307"]
[Annotator "NA"]
[PlyCount "78"]
[EventDate "2019.08.05"]
[EventType "swiss"]
[EventCountry "POL"]
[SourceTitle "playchess.com"]
[Source "ChessBase"]
[SourceQuality "1"]
[TimeControl "40/5400+30:1800+30"]

1. c4 e5 2. g3 d6 3. Bg2 f5 4. Nf3 Nf6 5. Nc3 Be7 6. O-O O-O 7. c5 Kh8 8. d4 e4 9. cxd6 cxd6 10. Ne1 d5 11. Bg5 Be6 12. Nc2 Nc6 13. Qd2 Qe8 14. f4 Qh5 15. e3 h6 16. Bxf6 Rxf6 17. Rf2 g5 18. Raf1 Kg7 19. a3 Qf7 20. Qe2 g4 21. Qb5 Rb8 22. b4 h5 23. Na1 h4 24. Rc2 h3 25. Bh1 a6 26. Qe2 Bd7 27. Rcc1 Na7 28. Qa2 Rd6 29. Nb3 b6 30. Rf2 Rc8 31. Rfc2 Rdc6 32. Na1 Nb5 33. Nxb5 Rxc2 34. Rxc2 Rxc2 35. Qxc2 Bxb5 36. Qc8 Qf6 37. Qb7 Qd6 38. Nb3 Ba4 39. Nd2 a5 0-1

[Event "3rd Memorial Warakomska 2019"]
[Site "Suwalki"]
[Date "2019.08.10"]
[Round "7.28"]
[White "Budrewicz, Krzysztof"]
[Black "Klimkowski, Jan"]
[Result "1-0"]
[ECO "E81"]
[WhiteElo "2188"]
[BlackElo "1985"]
[Annotator "NA"]
[PlyCount "75"]
[EventDate "2019.08.05"]
[EventType "swiss"]
[EventCountry "POL"]
[SourceTitle "playchess.com"]
[Source "ChessBase"]
[SourceQuality "1"]
[TimeControl "40/5400+30:1800+30"]

1. d4 Nf6 2. c4 g6 3. Nc3 Bg7 4. e4 d6 5. f3 O-O 6. Be3 Nbd7 7. Nge2 a6 8. Qd2 c5 9. d5 Qc7 10. Nf4 Ne5 11. a4 Qa5 12. h4 h5 13. Be2 Qb4 14. Nd1 a5 15. O-O Bd7 16. Qc2 Ne8 17. Bd2 Qb6 18. Ne3 Nc7 19. g4 Bh6 20. g5 Bg7 21. Nfg2 Na6 22. f4 Ng4 23. Nxg4 hxg4 24. Bc3 f5 25. gxf6 Bxf6 26. e5 Bf5 27. Qd1 Bg7 28. Bxg4 e6 29. Bxf5 exf5 30. e6 Qc7 31. Rf3 Qe7 32. Rg3 Kh7 33. h5 Bxc3 34. hxg6+ Kg7 35. bxc3 Qf6 36. Rb1 Rab8 37. Rb6 Rfd8 38. Qb1 1-0

[Event "3rd Memorial Warakomska 2019"]
[Site "Suwalki"]
[Date "2019.08.10"]
[Round "7.29"]
[White "Reza, Wojciech"]
[Black "Zaika, Daniil"]
[Result "1-0"]
[ECO "D11"]
[WhiteElo "2261"]
[BlackElo "2216"]
[Annotator "NA"]
[PlyCount "101"]
[EventDate "2019.08.05"]
[EventType "swiss"]
[EventCountry "POL"]
[SourceTitle "playchess.com"]
[Source "ChessBase"]
[SourceQuality "1"]
[TimeControl "40/5400+30:1800+30"]

1. d4 d5 2. c4 c6 3. Nf3 Nf6 4. Qc2 dxc4 5. Qxc4 Bg4 6. e3 Nbd7 7. Be2 Bxf3 8. Bxf3 e5 9. O-O Bd6 10. Nc3 O-O 11. g3 Qe7 12. Qb3 Nb6 13. dxe5 Bxe5 14. Bd2 Rfd8 15. Rfd1 Rd7 16. Be1 Rad8 17. Rxd7 Rxd7 18. a4 Nbd5 19. Nxd5 Nxd5 20. Bg4 Rd8 21. Rd1 Nf6 22. Qxb7 Bc7 23. Rxd8+ Bxd8 24. Qxe7 Bxe7 25. Bf3 c5 26. Kf1 Nd7 27. b3 Kf8 28. Ke2 Bd6 29. Bc6 Ne5 30. Bd5 Ke7 31. f4 Ng4 32. h3 Nf6 33. Bc6 Nd7 34. e4 f6 35. Bxd7 Kxd7 36. Bd2 g6 37. Kd3 Kc6 38. Kc4 a6 39. Be3 h5 40. g4 hxg4 41. hxg4 Be7 42. Bc1 Bd6 43. Bd2 Bc7 44. f5 gxf5 45. exf5 Bd8 46. Bf4 Be7 47. Be3 Bf8 48. g5 fxg5 49. Bxg5 Bd6 50. Bh6 Be5 51. Bf8 {[%emt 0:00:07] Kd5+} 1-0